 Dungeon Crawl Stone Soup version 0.30.1-5-ged363bc7ee (webtiles) character file.

Game seed: 7938376070107258197

360687 wingedge the Gelid (level 20, -2/198 HPs)
             Began as a Demigod Earth Elementalist on Sept 18, 2023.
             Slain by a lorocyproca (31 damage)
             ... on level 1 of the Abyss on Sept 19, 2023.
             The game lasted 03:46:15 (50976 turns).

wingedge the Gelid (Demigod Earth Elementalist)    Turns: 50976, Time: 03:46:16

Health: -2/198     AC: 15    Str: 22    XL:     20   Next: 89%
Magic:  1/40       EV: 17    Int: 29    God:
Gold:   1961       SH: 12    Dex: 14    Spells: 12/40 levels left

rFire   + . .        h - +10 zealot's sword {holy, Zealotry, *Rage rN+ EV+3}
rCold   + . .        F - +0 kite shield
rNeg    + + .        i - +2 scale mail {rC+}
rPois   .            j - +2 hood of the Assassin {Detect Stab+ Stlth++}
rElec   +            X - scarf {repulsion}
rCorr   .            N - +2 pair of gloves {Str+3}
SInv    .            E - +1 pair of boots
Will    +++..        e - amulet of regeneration Stlth
                     f - ring of Ycvasyr {rF+ Str+6}
HPRegen 1.33/turn    w - ring of the Median {Contam Fly rElec rN+ Will+}
MPRegen 0.27/turn

%: random rage (29%), repel missiles
@: berserking, flying, very quick
A: high MP 1, forlorn, divine attributes, [berserk 2], [clumsy 2], [deformed
body], [frail 2], ([teleportitis 2]), [weak 2], [subdued magic 2]
}: 1/15 runes: decaying
a: no special abilities


You were on level 1 of the Abyss.
You visited 6 branches of the dungeon, and saw 32 of its levels.
You visited the Abyss 1 time.
You also visited: Ice Cave and Desolation.

You collected 3663 gold pieces.
You spent 1702 gold pieces at shops.

Inventory:

Hand Weapons
 a - a +7 demon blade of electrocution
 h - the +10 zealot's sword (weapon) {holy, Zealotry, *Rage rN+ EV+3}
   (You found it on level 5 of the Lair of Beasts)

   Zealotry:  Whenever the wielder enters a berserk rage, their allies are
   berserked alongside them.
   EV:        It affects your evasion (+3).
   rN:        It protects you from negative energy.
   *Rage:     It berserks you when you make melee attacks (+20% chance).
 Z - a +1 demon blade of freezing
Missiles
 b - a throwing net
 I - a curare-tipped dart
Armour
 i - a +2 scale mail of cold resistance (worn)
 j - the +2 hood of the Assassin (worn) {Detect Stab+ Stlth++}
   (You bought it in a shop on level 2 of the Orcish Mines)

   Detect:    It allows the wearer to sense nearby creatures.
   Stab+:     It allows the wearer to make particularly effective stabbing
   attacks against helpless or unaware enemies with any weapon.
   Stlth:     It makes you much more stealthy.
 E - a +1 pair of boots (worn)
 F - a +0 kite shield (worn)
 H - the +15 crystal plate armour "Xaeqonin" {rN+ rCorr MP+9}
   (You found it in the Desolation of Salt)

   rN:        It protects you from negative energy.
   MP:        It affects your magic capacity (+9).
   rCorr:     It protects you from acid and corrosion.
 N - a +2 pair of gloves of strength (worn)
 Q - a +2 robe of resistance
 X - a scarf of repulsion (worn)
Magical Staves
 p - a staff of poison
 r - a staff of air
Jewellery
 e - an amulet of regeneration (around neck)
 f - the ring of Ycvasyr (left hand) {rF+ Str+6}
   (You found it on level 10 of the Dungeon)

   [ring of strength]

   Str:       It affects your strength (+6).
   rF:        It protects you from fire.
 q - a +4 ring of protection
 v - the amulet of Taegikk {RegenMP +Inv}
   (You found it in the Desolation of Salt)

   [amulet of magic regeneration]

   It increases your rate of magic regeneration.
   +Inv:      It lets you turn invisible.
 w - the ring of the Median (right hand) {Contam Fly rElec rN+ Will+}
   (You found it in the Desolation of Salt)

   [ring of flight]

   rElec:     It insulates you from electricity.
   rN:        It protects you from negative energy.
   Fly:       It grants you flight.
   Contam:    It causes magical contamination when unequipped.
   Will:      It increases your willpower.
 z - a ring of wizardry
 B - a ring of positive energy
 P - a ring of poison resistance
 S - a +6 ring of intelligence
Wands
 g - a wand of acid (11)
 t - a wand of digging (1)
 M - a wand of roots (31)
 W - a wand of paralysis (26)
Scrolls
 m - 2 scrolls of immolation
 n - 4 scrolls of enchant armour
 u - 9 scrolls of fear
 y - 3 scrolls of summoning (quivered)
 A - 9 scrolls of fog
 G - 5 scrolls of amnesia
 L - 2 scrolls of teleportation
 R - a scroll of magic mapping
 T - 2 scrolls of blinking
 V - a scroll of poison
Potions
 c - 2 potions of magic
 d - a potion of resistance
 k - 9 potions of heal wounds
 o - 15 potions of curing
 s - 6 potions of mutation
 x - 3 potions of brilliance
 C - 9 potions of cancellation
 D - 6 potions of berserk rage
 J - 6 potions of might
 K - 4 potions of ambrosia
 O - 7 potions of flight
 U - 2 potions of haste
 Y - 5 potions of invisibility
Miscellaneous
 l - a box of beasts


   Skills:
 - Level 11.0 Fighting
 + Level 8.1 Long Blades
 * Level 9.6 Armour
 - Level 10.0 Dodging
 + Level 4.9 Stealth
 - Level 13.0 Shields
 * Level 10.9 Spellcasting
 - Level 6.0 Conjurations
 - Level 12.0 Necromancy
 - Level 0.8 Transmutations
 - Level 1.8 Fire Magic
 * Level 17.4 Ice Magic
 - Level 6.0 Air Magic
 - Level 12.0 Earth Magic


You had 12 spell levels left.
You knew the following spells:

 Your Spells              Type           Power      Damage    Failure   Level
a - Borgnjor's Vile Clut  Necr/Erth      26%        N/A       1%          5
b - Stone Arrow           Conj/Erth      84%        3d12      1%          3
c - Simulacrum            Ice/Necr       29%        N/A       2%          6
d - Freezing Cloud        Conj/Ice/Air   22%        6-21      3%          5
e - Ozocubu's Refrigerat  Ice            32%        4d14      5%          7
i - Sublimation of Blood  Necr           52%        N/A       1%          2

Your spell library contained the following spells:

 Spells                   Type           Power      Damage    Failure   Level
 Frozen Ramparts          Ice            100%       1d16      0%          3
 Magic Dart               Conj           100%       1d8       1%          1
 Sandblast                Erth           100%       2d20      1%          1
 Shock                    Conj/Air       100%       1d9       1%          1
 Cigotuvi's Dreadful Rot  Necr/Pois/Air  62%        N/A       1%          2
 Ensorcelled Hibernation  Hex/Ice        82%        N/A       1%          2
 Passwall                 Tmut/Erth      27%        N/A       1%          2
 Swiftness                Air            31%        N/A       1%          3
 Vampiric Draining        Necr           52%        2d9       1%          3
 Ice Form                 Ice/Tmut       43%        N/A       1%          4
 Summon Ice Beast         Ice/Summ       41%        N/A       1%          4
 Agony                    Necr           52%        N/A       1%          5
 Mephitic Cloud           Conj/Pois/Air  24%        N/A       4%          3
 Petrify                  Tmut/Erth      33%        N/A       5%          4
 Metabolic Englaciation   Hex/Ice        20%        N/A       6%          5
 Dazzling Flash           Conj/Hex       40%        N/A       7%          3
 Airstrike                Air            15%        2d(3-19)  7%          4
 Slow                     Hex            36%        N/A       9%          1
 Call Imp                 Summ           18%        N/A       13%         2
 Lesser Beckoning         Tloc           18%        N/A       13%         2
 Ignite Poison            Fire/Tmut/Pois 13%        N/A       19%         3
 Confusing Touch          Hex            9%         N/A       28%         3
 Gell's Gravitas          Tloc           9%         N/A       28%         3
 Portal Projectile        Hex/Tloc       18%        N/A       28%         3
 Teleport Other           Tloc           9%         N/A       28%         3
 Tukima's Dance           Hex            9%         N/A       28%         3
 Silence                  Hex/Air        10%        N/A       63%         5
 Passage of Golubria      Tloc           9%         N/A       69%         4
 Statue Form              Tmut/Erth      22%        N/A       73%         6
 Blade Hands              Tmut           6%         N/A       90%         5
 Alistair's Intoxication  Tmut/Pois      7%         N/A       93%         5
 Yara's Violent Unravell  Hex/Tmut       5%         3d4       93%         5
 Summon Forest            Summ/Tloc      4%         N/A       96%         5
 Summon Mana Viper        Hex/Summ       9%         N/A       96%         5
 Eringya's Noxious Bog    Tmut/Pois      5%         N/A       100%        6
 Summon Cactus Giant      Summ           4%         N/A       100%        6
 Summon Hydra             Summ           4%         N/A       100%        7
 Lehudib's Crystal Spear  Conj/Erth      21%        10d6      100%        8
 Polar Vortex             Ice            32%        N/A       100%        9


Dungeon Overview and Level Annotations

Branches:
Dungeon (15/15)            Temple (0/1) D:6            Lair (5/5) D:11
  Swamp (4/4) Lair:3       Spider (2/4) Lair:3        Slime (0/5) Lair:4
    Orc (2/2) D:10            Elf (0/3) Orc:2        Vaults (4/5) D:14
  Crypt (0/3) Vaults:2     Depths (0/4) D:15          IceCv (visited)
Desolation (visited)

Shops:
D:9 :   Orc:2 [[*([   Vaults:3 [

Annotations:
D:9 2 transporters, Ishowmeat's ghost, novice MiGl
Lair:3 Stash 1
Vaults:1 2 transporters, exclusion: orange crystal statue


Innate Abilities, Weirdness & Mutations

You have an increased reservoir of magic. (+10% MP)
You shall have no god before yourself.
Your divine heritage dramatically boosts your attributes as you level up.
[You have an uncontrollable temper.]
[You are very clumsy. (Dex -4)]
[Armour fits poorly on your strangely shaped body.]
[You are very frail. (-20% HP)]
[((You are often teleported next to monsters.))]
[You are very weak. (Str -4)]
[Your spells are easier to cast, but less powerful.]


Message History

The wretched star is moderately damaged.
Something hits you.
The wretched star glows turbulently.
The lance of force misses you.
You completely miss the wretched star.
The wretched star is moderately damaged.
Something hits you!!
* * * LOW HITPOINT WARNING * * *
You feel your power leaking away.
The wretched star pulses with an eldritch light!
You feel weirdly uncertain.
You feel even more weirdly uncertain.
Okay, then.
Press: ? - help, v - describe, . - travel
Here: a wretched star (moderately damaged)
The floor.
Your +7 demon blade of electrocution stops crackling.
The +10 zealot's sword {holy, Zealotry, *Rage rN+ EV+3} softly glows with a divine radiance!
h - the +10 zealot's sword (weapon)
{holy, Zealotry, *Rage rN+ EV+3} Something barely misses you.
A red film seems to cover your vision as you go berserk!
You feel yourself moving faster!
You feel mighty!
You slash the wretched star!
The wretched star is heavily damaged.
Something hits you!
* * * LOW HITPOINT WARNING * * *
You slice the wretched star!!
The wretched star is almost destroyed.
You closely miss the wretched star.
The wretched star is almost destroyed.
Something hits you!!
* * * LOW HITPOINT WARNING * * *
The quasit barely misses you. You block the quasit's attack. x2
You slash the wretched star!
You destroy the wretched star!
You closely miss something. The quasit closely misses you.
You block the quasit's attack. x2; Something hits you but does no damage.
You slash something! The small abomination misses you. The quasit misses you.
You block the quasit's attack. The quasit claws you.
* * * LOW HITPOINT WARNING * * *
You slice something!! Something hits you!!
You die...

## ## # ..##.
##..# ..# ....
......... ....#
..
................
. # . ## .
#..##..##..# . .
##
.##..##..##..##.
## . .
.............. #
... .
........... . .
. ##.. #{x##.
##.. ..# # .
#5@# .# . . .
...............
.
...............
. # #
##..##..##..##.
## ##.. #..# ..#
. . .... ....
... . ... ....
... . ##..# ##.


You could see a small abomination and a quasit.

Vanquished Creatures
  A bone dragon (Abyss:1)
  Rupert (D:15)
  2 Executioners (Abyss:1)
  A sphinx (Vaults:3)
  2 tentacled starspawn (Abyss:1)
  A tengu reaver (Vaults:2)
  A revenant (Vaults:2)
  A frost giant (IceCv)
  A fire giant (Vaults:1)
  5 imperial myrmidons (Desolation)
  6 vault wardens
  An orc warlord (Vaults:2)
  A ghost moth (Spider:2)
  A very ugly thing (Vaults:3)
  A stone giant (Vaults:2)
  5 ironbound preservers
  3 ironbound thunderhulks
  A deep elf demonologist (Vaults:2)
  2 starcursed masses (Abyss:1)
  A bunyip (Swamp:2)
  An eleionoma (Swamp:1)
  3 dire elephants
  An ettin (Orc:2)
  A deep elf death mage (Vaults:1)
  6 yaktaur captains
  6 ragged hierophants (Desolation)
  Josephine (D:15)
  An entropy weaver (Vaults:2)
  3 great orbs of eyes
  7 vault guards
  A shambling mangrove (Swamp:3)
  13 hydras
  9 servants of whispers (Desolation)
  2 ogre magi (D:15)
  A spriggan skeleton (Abyss:1)
  6 centaur warriors
  A merfolk avatar (Lair:5)
  2 ironbound frosthearts
  7 peacekeepers (Desolation)
  12 two-headed ogres
  14 death yaks
  Erica (Lair:2)
  A catoblepas (Lair:2)
  3 tengu warriors
  3 boulder beetles
  4 alligators
  13 large abominations
  3 orc high priests (Orc:2)
  5 thrashing horrors (Abyss:1)
  A wretched star (Abyss:1)
  A skyshark (Lair:5)
  15 deep trolls
  2 sixfirhies (Abyss:1)
  Amaemon (Lair:2)
  A shadow wraith (Abyss:1)
  A goliath frog (Swamp:3)
  2 glowing orange brains (Vaults:2)
  A death drake (Abyss:1)
  6 swamp dragons
  An orb spider (Spider:1)
  A sun moth (Spider:1)
  A sea snake (Lair:5)
  A bog body (Swamp:2)
  6 lindwurms (Vaults:2)
  A phantasmal warrior (Vaults:2)
  3 harpies (Vaults:2)
  7 wizards
  19 ironbound convokers
  7 orc knights
  A deep elf pyromancer (D:14)
  A wolf spider (D:15)
  2 necromancers (D:14)
  3 orc sorcerers (Orc:2)
  8 cyclopes
  13 elephants
  3 will-o-the-wisps
  A worldbinder (Abyss:1)
  29 ugly things
  8 manticores
  A moth of wrath (Spider:1)
  An apocalypse crab (Abyss:1)
  A demonic crawler (Abyss:1)
  5 guardian serpents (Desolation)
  An ice statue (IceCv)
  3 orange demons
  3 black mambas
  7 vault sentinels
  2 torpor snails (Lair:5)
  A gargoyle (D:11)
  2 molten gargoyles (Desolation)
  2 smoke demons (Abyss:1)
  14 cane toads
  13 komodo dragons
  A rime drake (shapeshifter) (D:14)
  11 rime drakes
  2 kobold demonologists
  20 yaktaurs
  2 tengu conjurers
  3 ancient zymes (Abyss:1)
  2 freezing wraiths
  6 tyrant leeches
  A queen bee (Lair:2)
  9 trolls
  A wind drake (Lair:5)
  A bloated husk (Swamp:3)
  3 hellwings (Abyss:1)
  A meliai (shapeshifter) (Abyss:1)
  9 polar bears
  3 tarantellas
  7 meliai
  14 blink frogs
  51 saltlings (Desolation)
  6 dream sheep (Lair:5)
  Prince Ribbit (D:6)
  A blink frog (shapeshifter) (D:13)
  13 hornets
  A raiju (Abyss:1)
  31 slime creatures
  4 jumping spiders (Spider:1)
  6 spriggans
  4 ynoxinuls (Abyss:1)
  3 culicivoras
  A water elemental (Abyss:1)
  7 wyverns
  A fire elemental (Abyss:1)
  5 wraiths
  66 yaks
  4 vampires
  Eustachio (D:6)
  4 fire bats (Abyss:1)
  2 basilisks
  2 chaos spawn (Abyss:1)
  14 humans (D:14)
  A redback (Vaults:2)
  4 steam dragons
  14 vampire mosquitoes
  2 wargs
  13 swamp worms
  2 acid dragons
  13 water moccasins
  An ice beast (D:5)
  14 orc warriors
  3 swamp drakes
  12 small abominations
  A black bear (D:3)
  A sky beast (D:7)
  9 ogres
  9 wolves
  2 centaurs
  3 phantoms
  A kobold brigand (D:10)
  Blork the orc (D:6)
  3 scorpions
  4 bullfrogs
  2 gnoll sergeants
  6 wights
  32 killer bees
  The ghost of monsoonserge the Trooper, a weakling DsMo (D:5)
  5 howler monkeys
  2 jellies
  2 quasits (Abyss:1)
  13 orc priests
  5 hounds
  2 gnoll boudas
  2 iron imps (Abyss:1)
  9 iguanas
  13 orc wizards
  2 hell rats
  20 gnolls
  8 adders
  5 river rats
  A shadow imp (D:6)
  4 white imps
  An ufetubus (D:4)
  2 worms (D:2)
  5 dart slugs
  59 orcs
  7 ball pythons
  3 endoplasms
  4 giant cockroaches
  5 goblins
  5 hobgoblins
  10 jackals
  4 quokkas
  6 bats
  A frilled lizard (D:1)
  11 kobolds
  7 rats
  2 starspawn tentacles
1075 creatures vanquished.

Vanquished Creatures (collateral kills)
  Mara (Swamp:3)
  Mlioglotl (Swamp:4)
  The ghost of Buem the Warrior, an adept OgHs of Yredelemnul (Swamp:2)
  A thorn hunter (Swamp:2)
  Roxanne (Swamp:4)
  Donald (Swamp:3)
  A fenstrider witch (Swamp:2)
  An emperor scorpion (Spider:1)
  Aizul (Swamp:4)
  An ironbound thunderhulk (Vaults:2)
  3 broodmothers (Spider:1)
  A stone giant (Vaults:2)
  A bunyip (Swamp:1)
  3 dire elephants (Vaults:3)
  5 eleionomae
  An entropy weaver (Vaults:2)
  A shambling mangrove (Swamp:4)
  3 ghost crabs
  10 hydras
  A jorogumo (Spider:1)
  2 radroaches (Spider:1)
  A two-headed ogre (D:15)
  2 alligators (Swamp:1)
  A skyshark (shapeshifter) (D:15)
  2 goliath frogs
  A pharaoh ant (Spider:1)
  A sun moth (Spider:1)
  2 spriggan druids
  16 swamp dragons
  3 orb spiders (Spider:1)
  A deep troll (Vaults:4)
  2 lindwurms
  2 spriggan riders (Swamp:1)
  6 bog bodies
  2 ugly things
  A harpy (Vaults:2)
  A cyclops (D:15)
  A salamander (D:15)
  3 wolf spiders (Spider:1)
  A will-o-the-wisp (Swamp:2)
  3 vault sentinels
  A torpor snail (Spider:1)
  2 demonic crawlers
  3 yaktaurs
  4 meliai
  5 tyrant leeches
  14 hornets
  4 tarantellas
  3 slime creatures (Vaults:1)
  7 jumping spiders
  3 culicivoras (Spider:1)
  2 wraiths (D:15)
  16 spriggans
  6 humans (D:14)
  A basilisk (D:15)
  12 redbacks
  A vampire mosquito (Swamp:3)
  7 swamp worms
  12 swamp drakes
196 creatures vanquished.

Vanquished Creatures (others)
  A hydra (Swamp:1)
  An orc priest (Orc:2)
  A small abomination (Abyss:1)
  10 foxfires
  5 starspawn tentacles
18 creatures vanquished.

Grand Total: 1289 creatures vanquished

Notes
Turn   | Place    | Note
-------+----------+-------------------------------------------
     0 | D:1      | wingedge the Demigod Earth Elementalist began the quest for
                  | the Orb.
     0 | D:1      | Reached XP level 1. HP: 14/14 MP: 5/5
   286 | D:1      | Reached XP level 2. HP: 20/20 MP: 5/7
   899 | D:2      | Reached XP level 3. HP: 26/26 MP: 5/8
   928 | D:2      | Learned a level 3 spell: Stone Arrow
  1525 | D:3      | Reached skill level 1 in Conjurations
  1651 | D:3      | Reached skill level 1 in Fighting
  1651 | D:3      | Reached XP level 4. HP: 35/35 MP: 2/9
  1810 | D:3      | Noticed a black bear
  1817 | D:3      | Killed a black bear
  1818 | D:3      | Reached XP level 5. HP: 21/40 MP: 6/10
  3014 | D:4      | Reached XP level 6. HP: 47/47 MP: 10/12
  3245 | D:5      | Entered Level 5 of the Dungeon
  3462 | D:5      | Reached skill level 1 in Armour
  3719 | D:5      | Found a runed translucent door.
  3724 | D:5      | Noticed monsoonserge's ghost (weakling DsMo)
  3866 | D:5      | Reached XP level 7. HP: 55/55 MP: 4/14
  5019 | D:5      | Killed monsoonserge's ghost
  5134 | D:6      | Noticed Blork the orc
  5362 | D:6      | Noticed Prince Ribbit
  5369 | D:6      | Killed Prince Ribbit
  5370 | D:6      | Reached skill level 5 in Conjurations
  5370 | D:6      | Reached skill level 1 in Necromancy
  5370 | D:6      | Reached skill level 5 in Earth Magic
  5370 | D:6      | Reached XP level 8. HP: 59/61 MP: 3/16
  5502 | D:6      | Found a staircase to the Ecumenical Temple.
  5511 | D:6      | Noticed a troll
  5520 | D:6      | Killed a troll
  6090 | D:6      | Killed Blork the orc
  6091 | D:6      | Reached skill level 1 in Shields
  6157 | D:6      | Noticed Eustachio
  6173 | D:6      | Killed Eustachio
  6790 | D:6      | Noticed an angel
  6952 | D:7      | Learned a level 5 spell: Borgnjor's Vile Clutch
  7402 | D:7      | Reached XP level 9. HP: 69/69 MP: 10/19
  7651 | D:7      | Reached skill level 5 in Armour
  7651 | D:7      | Reached skill level 5 in Spellcasting
  9591 | D:9      | Reached skill level 5 in Necromancy
 10059 | D:9      | Found a transporter.
 10060 | D:9      | Noticed Ishowmeat's ghost (novice MiGl)
 10086 | D:9      | Found Sunavyos's Book Emporium.
 10139 | D:9      | Reached XP level 10. HP: 78/78 MP: 12/22
 10271 | D:9      | Reached skill level 5 in Shields
 10553 | D:9      | Found a transporter.
 10999 | D:10     | Entered Level 10 of the Dungeon
 11112 | D:10     | Found a staircase to the Orcish Mines.
 11112 | D:10     | Identified the ring of Ycvasyr {rF+ Str+6}
 11151 | D:10     | Noticed a tengu warrior
 11159 | D:10     | Killed a tengu warrior
 11176 | D:10     | Noticed a rust devil
 12039 | D:10     | Noticed a wizard
 12041 | D:10     | Killed a wizard
 12062 | D:10     | Noticed a large abomination
 12067 | D:10     | Killed a large abomination
 12171 | D:11     | Noticed a manticore
 12171 | D:11     | Noticed a manticore
 12171 | D:11     | Noticed a two-headed ogre
 12184 | Orc:1    | Entered Level 1 of the Orcish Mines
 12351 | Orc:1    | Noticed a cyclops
 12373 | Orc:1    | Killed a cyclops
 12700 | Orc:1    | Reached XP level 11. HP: 84/84 MP: 7/24
 13333 | Orc:2    | Entered Level 2 of the Orcish Mines
 13576 | Orc:2    | Found Onoqol's Antique Armour Shoppe.
 13579 | Orc:2    | Noticed an ettin
 13584 | Orc:2    | Killed an ettin
 13662 | Orc:2    | Bought a pair of runed gloves for 202 gold pieces
 13874 | Orc:2    | Found a staircase to the Elven Halls.
 14485 | Orc:2    | Noticed an orc knight
 14495 | Orc:2    | Killed an orc knight
 15143 | Orc:2    | Noticed an orc knight
 15155 | Orc:2    | Killed an orc knight
 15156 | Orc:2    | Reached skill level 5 in Fighting
 15343 | Orc:2    | Noticed an orc high priest
 15347 | Orc:2    | Noticed an orc knight
 15347 | Orc:2    | Noticed an orc high priest
 15357 | Orc:2    | Killed an orc knight
 15542 | Orc:2    | Noticed an orc high priest
 15546 | Orc:2    | Killed an orc high priest
 15737 | Orc:2    | Noticed an orc knight
 15746 | Orc:2    | Noticed a sun demon
 15747 | Orc:2    | Killed an orc high priest
 15823 | Orc:2    | Killed an orc high priest
 16104 | Orc:2    | Killed an orc knight
 16234 | Orc:2    | Found Elaubrae's Antique Weapon Shoppe.
 16234 | Orc:2    | Found Jimi Buw's Armour Shop.
 16255 | Orc:2    | Found Catsic's Assorted Antiques.
 16255 | Orc:2    | Found Icouh's Antique Armour Shop.
 17051 | D:11     | Noticed a two-headed ogre
 17055 | D:11     | Killed a two-headed ogre
 17056 | D:11     | Reached XP level 12. HP: 62/96 MP: 10/25
 18811 | D:11     | Found a staircase to the Lair.
 18833 | Lair:1   | Entered Level 1 of the Lair of Beasts
 19923 | Lair:1   | Identified a scroll of acquirement
 19923 | Lair:1   | Acquired 465 gold pieces
 20022 | Orc:2    | Bought the +2 hood of the Assassin {Detect Stab+ Stlth++}
                  | for 1500 gold pieces
 20022 | Orc:2    | Found the +2 hood of the Assassin {Detect Stab+ Stlth++}
 20161 | Lair:2   | Noticed a catoblepas
 20180 | Lair:2   | Killed a catoblepas
 20410 | Lair:2   | Noticed Erica
 20413 | Lair:2   | Killed Erica
 20525 | Lair:2   | Noticed Amaemon
 20532 | Lair:2   | Killed Amaemon
 20533 | Lair:2   | Reached skill level 10 in Shields
 21722 | Lair:2   | Reached XP level 13. HP: 105/105 MP: 8/26
 24138 | Lair:3   | Found a hole to the Spider Nest.
 24570 | Lair:3   | Found a staircase to the Swamp.
 25183 | Lair:4   | Reached skill level 5 in Dodging
 25508 | Lair:4   | Reached skill level 10 in Earth Magic
 25975 | Lair:4   | Reached skill level 10 in Necromancy
 26058 | Lair:4   | Found a staircase to the Slime Pits.
 26154 | Lair:5   | Entered Level 5 of the Lair of Beasts
 26739 | Lair:5   | Found the +10 zealot's sword {holy, Zealotry, *Rage rN+
                  | EV+3}
 26795 | Lair:5   | Reached XP level 14. HP: 115/115 MP: 20/30
 28305 | D:12     | Found a frozen archway.
 28317 | IceCv    | Entered an ice cave
 28400 | IceCv    | Reached skill level 1 in Fire Magic
 28864 | IceCv    | Noticed a frost giant
 28889 | IceCv    | Killed a frost giant
 29647 | D:12     | Reached skill level 1 in Ice Magic
 30552 | D:13     | Reached skill level 2 in Ice Magic
 31236 | D:14     | Reached XP level 15. HP: 123/123 MP: 12/32
 31402 | D:14     | Reached skill level 3 in Ice Magic
 32127 | D:14     | Learned a level 6 spell: Simulacrum
 32290 | D:14     | Reached skill level 4 in Ice Magic
 32430 | D:14     | Found a gate to the Vaults.
 32610 | D:15     | Entered Level 15 of the Dungeon
 32677 | D:15     | Noticed Josephine
 32793 | D:15     | Found a staircase to the Depths.
 32973 | D:15     | Killed Josephine
 32993 | D:15     | Reached skill level 5 in Ice Magic
 33621 | D:15     | Noticed Rupert
 33632 | D:15     | Killed Rupert
 34473 | Spider:1 | Entered Level 1 of the Spider Nest
 34653 | Spider:1 | Reached skill level 6 in Ice Magic
 34775 | Spider:1 | Reached XP level 16. HP: 132/133 MP: 2/34
 34783 | Spider:1 | Reached skill level 7 in Ice Magic
 35648 | Spider:2 | Reached skill level 10 in Spellcasting
 35663 | Spider:2 | Reached skill level 10 in Fighting
 35689 | Spider:2 | Reached skill level 8 in Ice Magic
 36203 | Swamp:1  | Entered Level 1 of the Swamp
 36261 | Swamp:1  | Reached skill level 9 in Ice Magic
 36652 | Swamp:1  | Reached skill level 10 in Ice Magic
 36719 | Swamp:1  | Learned a level 5 spell: Freezing Cloud
 36873 | Swamp:1  | Reached skill level 1 in Air Magic
 37235 | Swamp:2  | Learned a level 7 spell: Ozocubu's Refrigeration
 37296 | Swamp:2  | Identified the +2 shortbow of Victory {elec, rPois Dex+3
                  | Stlth-}
 37305 | Swamp:2  | Reached skill level 11 in Ice Magic
 37325 | Swamp:2  | Found a runed translucent door.
 37328 | Swamp:2  | Noticed Buem's ghost (adept OgHs)
 37346 | Swamp:2  | Killed Buem's ghost
 37958 | Swamp:3  | Reached skill level 12 in Ice Magic
 38096 | Swamp:3  | Paralysed by a hornet for 1 turns
 38264 | Swamp:3  | Noticed Donald
 38280 | Swamp:3  | Killed Donald
 38323 | Swamp:3  | Reached skill level 13 in Ice Magic
 38333 | Swamp:3  | Noticed Mara
 38336 | Swamp:3  | Noticed wingedge's illusion
 38346 | Swamp:3  | Killed Mara
 39377 | Swamp:4  | Entered Level 4 of the Swamp
 39381 | Swamp:4  | Reached skill level 14 in Ice Magic
 39382 | Swamp:4  | Noticed Aizul
 39476 | Swamp:4  | Noticed Roxanne
 39480 | Swamp:4  | Reached XP level 17. HP: 84/140 MP: 11/36
 39486 | Swamp:4  | Killed Roxanne
 39521 | Swamp:4  | Noticed Mlioglotl
 39527 | Swamp:4  | Killed Aizul
 39529 | Swamp:4  | Killed Mlioglotl
 39678 | Swamp:4  | Reached skill level 15 in Ice Magic
 39706 | Swamp:4  | Got a decaying rune of Zot
 40225 | Swamp:3  | Reached skill level 1 in Long Blades
 40452 | Vaults:1 | Entered Level 1 of the Vaults
 40885 | Vaults:1 | Found a transporter.
 40955 | Vaults:1 | Found a transporter.
 41444 | Vaults:1 | Identified the +5 great sword "Gram" {holy, rC+ Str+3
                  | Stlth-}
 41559 | Vaults:1 | Reached skill level 5 in Long Blades
 41559 | Vaults:1 | Reached skill level 16 in Ice Magic
 41559 | Vaults:1 | Reached XP level 18. HP: 147/147 MP: 37/37
 41560 | Vaults:1 | Reached XP level 19. HP: 154/154 MP: 38/38
 42910 | Vaults:2 | Found a staircase to the Crypt.
 43515 | Vaults:2 | Reached skill level 5 in Air Magic
 43803 | Vaults:2 | Reached XP level 20. HP: 162/162 MP: 27/39
 45932 | Vaults:3 | Identified the +6 plate armour "Rikie" {rElec}
 46595 | Vaults:2 | Identified the +10 sling of Hell's Wrath {elec, Int+2}
 47111 | Vaults:3 | Found Rahoty's Armour Boutique.
 47505 | Vaults:4 | Found a crumbling gateway.
 47512 | Vaults:4 | Upgraded the game from 0.30.1-4-g462c640d31 to
                  | 0.30.1-5-ged363bc7ee
 47515 | Desolati | Entered the Desolation of Salt
 47586 | Desolati | Reached skill level 17 in Ice Magic
 47913 | Desolati | Identified the amulet of Taegikk {RegenMP +Inv}
 47928 | Desolati | Identified the ring of the Median {Contam Fly rElec rN+
                  | Will+}
 47934 | Desolati | Identified the +5 quarterstaff "Heviyca" {flame, rC+ Dex+3}
 47936 | Desolati | Identified the +2 war axe of Risuyker {venom, rC- Int+3
                  | Dex+5}
 47939 | Desolati | Identified the +15 crystal plate armour "Xaeqonin" {rN+
                  | rCorr MP+9}
 49354 | Desolati | Identified the ring "Pilih" {Fly rC- Str+2 Dex+2}
 49472 | Desolati | Identified the +9 great mace "Tehiutwi" {protect, rElec rF+
                  | rCorr Str-4}
 49472 | Desolati | Identified the +2 glaive of the Freezing Gods {freeze,
                  | *Rage rPois Dex+2 Stlth+}
 49526 | Desolati | Got the Verses on Sepulchral Generation
 49530 | Desolati | Learned a level 2 spell: Sublimation of Blood
 49565 | Desolati | Identified the ring of Qeaproul {Will+ MP+9 Dex+5}
 49577 | Abyss:1  | Cast into level 1 of the Abyss (ragged hierophant)
 49675 | Abyss:1  | Noticed a bone dragon
 49694 | Abyss:1  | Killed a bone dragon
 50064 | Abyss:1  | Reached skill level 10 in Dodging
 50235 | Abyss:1  | Noticed a bone dragon
 50533 | Abyss:1  | HP: 2/165 [poison (dark miasma)]
 50976 | Abyss:1  | Slain by a lorocyproca

Illustrated notes

Levels and vault maps discovered:
D:1:      eino_arrival_water_cross, layout_rooms,
          dreamdust_ecumenical_altar_grove
D:2:      layout_basic
D:3:      layout_basic, amethyst_killhole
D:4:      layout_basic, nicolae_overflow_crystal_walls
D:5:      layout_loops_ring, nicolae_hepliaklqana_hazy_memory,
          mainiacjoe_overflow_chevrons, ebering_ghost_reflecting_pool,
          minmay_liquid_box
D:6:      layout_basic, zin_angel, minmay_temple_entry_waves, uniq_eustachio,
          uniq_prince_ribbit1, uniq_blork_the_orc
D:7:      layout_rooms, led_sif_pool, kennysheep_generic_room_15
D:8:      layout_loops_cross, kennysheep_mini_moat, mainiacjoe_overflow_paths
D:9:      layout_long_grid, gammafunk_ghost_stat_death, serial_shops,
          shop_statue, serial_park_tiny_pond
D:10:     layout_roguey, chequers_serial_rivers_room_b, st_stairs_1, laboratory
D:11:     layout_cross, dpeg_lair_monsters
D:12:     layout_roguey, portal_ice_cave_entry_pillars_2,
          kiku_gazebo_pond_becter
D:13:     layout_loops_ring
D:14:     minmay_tri_box, layout_gridville, grunt_vaults_entry_tiered
D:15:     hangedman_depths_entry_try_elsewhere_first, layout_cave_pools,
          uniq_josephine, uniq_rupert
Lair:1:   layout_loops_ring, grunt_forest_small_clearings,
          infiniplex_staircase_pool_2, serial_bayou_shore_b, grunt_megastairs_1
Lair:2:   regret_index_combs_of_tragedy, layout_regular_city, lemuel_fruit_tree,
          uniq_amaemon, uniq_erica
Lair:3:   beast_lair_carwin_large_3, layout_misc_corridors,
          palyth_hydra_swamp_entry, hellmonk_spider_entry_not_the_bees,
          nicolae_quartered_pool_medium, nicolae_lair_grove_arrangements
Lair:4:   layout_cave_pods, dpeg_slime_entry_enclosed
Lair:5:   gammafunk_lair_ancient_temple, layout_misc_corridors
Swamp:1:  layout_falls_marsh, nicolae_swamp_bean_lake, swamp_pool5,
          nicolae_swamp_triple_paths, hangedman_swamp_cone,
          hangedman_swamp_blocks
Swamp:2:  cheibrodos_swamp_tower_of_moss, layout_falls_marsh,
          ebering_ghost_reflecting_pool, evilmike_swamp_ruin_house_4
Swamp:3:  nicolae_swamp_long_stream, layout_basic_swamp,
          nicolae_swamp_big_swirl, st_swamp_ruins_4, uniq_mara, uniq_donald
Swamp:4:  swamp_alternative, layout_basic_swamp, swamp_pool5, uniq_roxanne,
          uniq_mlioglotl, uniq_aizul
Spider:1: nicolae_spider_hall_of_the_moth_king
Spider:2: layout_spider_delve
Orc:1:    layout_caves
Orc:2:    grunt_orc_tribal_feast, layout_caves, serial_shops, shop
Vaults:1: v_misc_28, nicolae_vaults_closet_pinwheel_2, gammafunk_sealed_arena,
          v_misc_23, v_misc_14, nicolae_vaults_mini_display_case,
          layout_vaults_omnicross
Vaults:2: vaults_room_ringed_pool, ontoclasm_vaults_gallery, v_misc_1,
          minmay_crypt_entry_simple_statues, nicolae_vaults_tangram_1,
          vaults_room_grunt_arrival_ludios, nicolae_vaults_heist,
          nicolae_vaults_rhombus_5, vaults_dpeg_ring, layout_vaults_quadrants
Vaults:3: vaults_dpeg_spiral, nicolae_vaults_little_squares_1,
          nicolae_vaults_diamond_1, nicolae_vaults_taking_the_gang_shopping,
          vaults_standard_mumra_enter_the_diamond, vaults_room_pool,
          nicolae_vaults_little_squares_4, vaults_dpeg_cross,
          ontoclasm_vaults_spin, nicolae_vaults_hexular_roomagon,
          nicolae_vaults_sightless_eye, nicolae_vaults_trapezoid_lopsided_1,
          grunt_vaults_swirl, nicolae_vaults_tetromino_Z_1,
          nicolae_vaults_storage_closets_1, layout_vaults_omnibox
Vaults:4: portal_desolation_entry_garden, nicolae_vaults_theta,
          grunt_vaults_diagonal, nicolae_vaults_little_squares_1, v_misc_5,
          grunt_vaults_focal, nicolae_vaults_ring_of_whatevers, v_misc_12,
          nicolae_vaults_more_shelving_2, nicolae_vaults_network_periphery,
          nicolae_vaults_security_offices_1, nicolae_vaults_big_angled_halls,
          layout_vaults_ring
Abyss:1:  base: D:2, abyss_fake_exit, abyss_fake_exit,
          hangedman_classic_abyss_death, evilmike_abyss_exit_vortex
Desolation

Skill      XL: |  1  2  3  4  5  6  7  8  9 10 11 12 13 14 15 16 17 18 19 20 |
---------------+-------------------------------------------------------------+-----
Spellcasting   | 2 3 4 6 7 8 9 10 | 10.9
Earth Magic    | 3 4 5 6 8 9 10 11 12 | 12.0
Conjurations   | 1 3 4 5 6 |  6.0
Fighting       | 1 2 3 4 6 7 8 9 10 11 | 11.0
Armour         | 1 3 4 5 7 8 9 |  9.6
Dodging        | 2 4 5 6 8 10 | 10.0
Stealth        | 2 4 |  4.9
Necromancy     | 1 3 5 7 9 10 11 12 | 12.0
Shields        | 2 4 7 8 10 11 12 13 | 13.0
Fire Magic     | 1 |  1.8
Ice Magic      | 2 6 14 16 17 | 17.4
Air Magic      | 4 5 6 |  6.0
Long Blades    | 5 6 8 |  8.1
Transmutations | |  0.8

Action                     |  1- 3 |  4- 6 |  7- 9 | 10-12 | 13-15 | 16-18 | 19-21 || total
---------------------------+-------+-------+-------+-------+-------+-------+-------++-------
  Melee: Short sword       |       |    10 |       |       |       |       |       ||    10
         Hand axe          |       |       |     4 |    24 |       |       |       ||    28
         Demon whip        |       |       |       |    29 |   128 |     9 |       ||   166
         Dagger            |       |       |       |     1 |       |       |       ||     1
         Eudemon blade     |       |       |       |       |    33 |    10 |     7 ||    50
         Demon trident     |       |       |       |       |     4 |       |       ||     4
         Long sword        |       |       |       |       |     1 |       |       ||     1
         War axe           |       |       |       |       |    35 |     4 |       ||    39
         Staff             |       |       |       |       |       |    14 |       ||    14
         Demon blade       |       |       |       |       |       |    13 |   268 ||   281
  Throw: Dart              |       |       |       |     9 |     1 |       |       ||    10
   Cast: Sandblast         |    73 |    48 |     1 |       |       |       |       ||   122
         Stone Arrow       |     4 |    23 |   164 |   259 |   475 |    67 |    83 ||  1075
         Borgnjor's Vile C |       |       |       |    97 |   279 |    81 |   145 ||   602
         Simulacrum        |       |       |       |       |    37 |    90 |    19 ||   146
         Ozocubu's Refrige |       |       |       |       |       |    50 |   118 ||   168
         Freezing Cloud    |       |       |       |       |       |    12 |    47 ||    59
         Sublimation of Bl |       |       |       |       |       |       |    21 ||    21
  Evoke: Wand              |       |       |     4 |    13 |     2 |       |     1 ||    20
         Tin of tremorston |       |       |       |       |     2 |       |       ||     2
    Use: Potion            |     1 |     1 |       |     1 |     1 |     2 |     3 ||     9
         Scroll            |       |     4 |     1 |    13 |     9 |    12 |     7 ||    46
   Stab: Paralysed         |       |       |       |     3 |       |       |       ||     3
         Distracted        |       |       |       |       |     1 |     1 |     3 ||     5
         Sleeping          |       |       |       |       |       |       |     1 ||     1
 Armour: Robe              |     7 |    17 |       |    12 |   119 |    47 |    14 ||   216
         Ring mail         |       |     7 |    22 |     5 |       |       |       ||    34
         Acid dragon scale |       |       |       |    30 |       |       |       ||    30
         Scale mail        |       |       |       |       |       |       |    94 ||    94
  Dodge: Dodged            |    16 |    22 |    24 |    76 |   195 |    56 |   169 ||   558
         Repelled          |       |       |       |     6 |     7 |     9 |    12 ||    34
  Block: Kite shield       |       |       |    17 |    87 |   254 |    76 |   275 ||   709
